 Dungeon Crawl Stone Soup version 0.18.1-5-g4a78601 (webtiles) character file.

5490 Scarto the Fighter (level 10, -4/80 HPs)
             Began as a Demonspawn Berserker on May 11, 2016.
             Was an Elder of Trog.
             Slain by Scarto's ghost (13 damage)
             ... on level 9 of the Dungeon.
             The game lasted 00:22:26 (8938 turns).

Scarto the Fighter (Demonspawn Berserker)           Turns: 8938, Time: 00:22:27

Health: -4/80      AC: 23    Str: 24    XL:     10   Next: 42%
Magic:  10/10      EV: 10    Int:  6    God:    Trog [****..]
Gold:   713        SH:  0    Dex: 15    Spells: 0 memorised, 9 levels left

rFire  + + .     SeeInvis .     r - +2 flail (protect)
rCold  x . .     Gourm    .     l - +0 plate armour
rNeg   . . .     Faith    .     (no shield)
rPois  .         Spirit   .     (no helmet)
rElec  .         Dismiss  +     (no cloak)
rCorr  .         Reflect  .     B - +0 pair of gloves
SustAt .         Harm     .     (no boots)
MR     .....                    q - amulet of dismissal
Stlth  ..........               (no ring)
                                n - ring of fire

@: mighty, exhausted, starving, slowed, very slow, not resistant to hostile
enchantments, extremely unstealthy
A: hooves 2, iridescent scales 1, agile 1, blurry vision 1, dopey 1, fire
resistance 1, powered by death 1, powered by pain 2, weak 1
a: Berserk, Trog's Hand, Brothers in Arms, Burn Spellbooks, Renounce Religion


You were on level 9 of the Dungeon.
You worshipped Trog.
Trog was greatly pleased with you.
You were starving.

You visited 1 branch of the dungeon, and saw 9 of its levels.
You also visited: Ossuary.

You collected 713 gold pieces.

Inventory:

Hand Weapons
 r - a +2 flail of protection (weapon)
 v - the +1 hand axe of Yschuqu {freeze, rC- rN+ Int+3}
   (You found it on level 4 of the Dungeon)

   It has been specially enchanted to freeze those struck by it, causing extra
   injury to most foes and up to half again as much damage against particularly
   susceptible opponents.
   It can also slow down cold-blooded creatures.
   It affects your intelligence (+3).
   It makes you vulnerable to cold.
   It protects you from negative energy.
Missiles
 k - 12 tomahawks (quivered)
Armour
 l - a +0 plate armour (worn)
 B - a +0 pair of gloves (worn)
Jewellery
 n - a ring of fire (left hand)
 q - an amulet of dismissal (around neck)
Wands
 b - a wand of iceblast (8/15)
 p - a wand of iceblast (5/15)
 x - a wand of flame (21/48)
 y - a wand of acid (5/15)
 z - a wand of random effects (30/48)
 E - a wand of slowing (23/48)
Scrolls
 a - 2 scrolls of identify
 e - a scroll of teleportation
 f - a scroll of blinking
 g - 6 scrolls of remove curse
 h - 3 scrolls of recharging
 m - 2 scrolls of immolation
 A - a scroll of amnesia
 D - a scroll of enchant armour {unknown}
Potions
 c - 5 potions of curing
 d - 3 potions of lignification
 i - a potion of flight
 j - a potion of might
 o - 2 potions of agility
Comestibles
 s - 2 slices of pizza
 t - 7 beef jerkies
 w - a royal jelly
 C - a meat ration
 F - 3 bread rations


   Skills:
 + Level 8.2 Fighting
 + Level 7.3(7.7) Axes
 + Level 3.8(6.0) Maces & Flails
 + Level 7.1 Armour
 + Level 7.0 Dodging


You had 9 spell levels left.
You didn't know any spells.

Dungeon Overview and Level Annotations

Branches:
Dungeon (9/15)             Temple (0/1) D:5             Orc (0/2) D:9
   Lair: D:8-11

Altars:
Fedhas
Okawaru
Pakellas
Qazlal
Ru
Trog
Xom
Yredelemnul
Zin

Shops:
D:8 *   D:9 %

Annotations:
D:9 Scarto's ghost, journeyman FoFi


Innate Abilities, Weirdness & Mutations

You have hoof-like feet.
You are partially covered in iridescent scales (AC +4).
You regenerate a little health from kills.
You sometimes gain power by taking damage.
You are agile. (Dex +2)
Scrolls take you a little longer to read.
You are dopey. (Int -2)
Your flesh is heat resistant.
You are weak. (Str -2)


Message History

You feel yourself slow down.
You are near starving!
Scarto's ghost closely misses you.
Scarto's ghost says very slowly, "There's no hope."
You feel less regenerative.
You feel the effects of Trog's Hand fading.
You are starving!
Scarto's ghost hits you!
* * * LOW HITPOINT WARNING * * *
You focus on the pain.
You feel mightier all of a sudden.
The phantom blinks!
Your skin stops crawling.
You feel less resistant to hostile enchantments.
The phantom closely misses you.
The phantom blinks! x2
Scarto's ghost hits you.
* * * LOW HITPOINT WARNING * * *
Scarto's ghost hits you!
You die...

# ##.#s#####.#.# #
#.##.###.###....# #
....## ##§....§.# #
#.##.###.###...## #
#.###.#.# ##s## #
#....#.# #.# #
####.#.# #.# #....#
#s######### #..###
#..W@.....# #..#
#########.# #..#
#..# #..#
########### #..#
#.........
###..######.[.....#
..................#
.##########
.##..######.......#
......†...#


You could see a scorpion and Scarto's ghost.

Vanquished Creatures
  The ghost of puimuR the Ruffian, an amateur TrWr (D:4)
  3 yaks (D:9)
  Sigmund (D:3)
  A water moccasin (D:8)
  5 orc warriors
  An ice beast (D:7)
  3 sky beasts
  An eye of draining (D:8)
  4 ogres
  3 phantoms
  4 centaurs
  A crocodile (D:9)
  An elf zombie (Ossuary)
  7 giant frogs
  A wyvern zombie (D:7)
  2 jellies
  3 scorpions
  6 killer bees (D:9)
  8 wights
  4 howler monkeys
  A crimson imp (D:9)
  A centaur zombie (Ossuary)
  A giant frog zombie (D:5)
  A giant frog skeleton (D:6)
  A hound (D:7)
  A human zombie (Ossuary)
  3 orc priests
  10 orc wizards
  2 centaur skeletons
  4 worker ants
  3 iguanas
  A hound skeleton (D:7)
  2 mummies (Ossuary)
  6 gnolls
  6 adders
  4 shadow imps
  An adder zombie (Ossuary)
  An adder skeleton (D:4)
  5 worms
  A dart slug (D:3)
  5 giant geckos
  41 orcs
  2 giant cockroaches (D:1)
  8 hobgoblins
  4 quokkas
  6 bats
  A giant gecko skeleton (D:4)
  4 giant newts
  5 goblins
  A goblin zombie (Ossuary)
  9 hobgoblin zombies (Ossuary)
  A jackal skeleton (D:8)
  A jackal zombie (Ossuary)
  6 kobolds
  6 kobold zombies (Ossuary)
  12 orc zombies (Ossuary)
  2 quokka skeletons
  8 rats
  3 rat zombies (Ossuary)
240 creatures vanquished.

Notes
Turn   | Place    | Note
--------------------------------------------------------------
     0 | D:1      | Scarto the Demonspawn Berserker began the quest for the Orb.
     0 | D:1      | Reached XP level 1. HP: 18/18 MP: 1/1
   460 | D:1      | Gained mutation: You have large cloven feet. [demonic ancestry]
   460 | D:1      | Reached XP level 2. HP: 7/24 MP: 2/2
  1119 | D:2      | Found an iron altar of Okawaru.
  1134 | D:2      | Reached ** piety under Trog
  1237 | D:2      | Reached XP level 3. HP: 14/29 MP: 3/3
  2028 | D:3      | Noticed Sigmund
  2038 | D:3      | Killed Sigmund
  2038 | D:3      | Reached skill level 4 in Fighting
  2038 | D:3      | Gained mutation: You are partially covered in iridescent scales (AC +4). [demonic ancestry]
  2038 | D:3      | Reached XP level 4. HP: 34/37 MP: 4/4
  2038 | D:3      | Reached XP level 5. HP: 39/42 MP: 5/5
  2389 | D:3      | Found a shimmering altar of Xom.
  2389 | D:3      | Found a stormy altar of Qazlal.
  2518 | D:3      | Found a blossoming altar of Fedhas.
  2729 | D:4      | Gained mutation: You sometimes gain a little power by taking damage. [demonic ancestry]
  2729 | D:4      | Reached XP level 6. HP: 41/49 MP: 6/6
  2748 | D:4      | Noticed puimuR's ghost (amateur TrWr)
  2789 | D:4      | Found an oddly glowing altar of Pakellas.
  2799 | D:4      | Got a polished hand axe
  2800 | D:4      | Identified the cursed +1 hand axe of Yschuqu {freeze, rC- rN+ Int+3} (You found it on level 4 of the Dungeon)
  3514 | D:4      | Killed puimuR's ghost
  3514 | D:4      | Reached XP level 7. HP: 55/55 MP: 7/7
  3525 | D:4      | Found a basalt altar of Yredelemnul.
  3640 | D:5      | Entered Level 5 of the Dungeon
  3654 | D:5      | Reached skill level 5 in Fighting
  3941 | D:5      | Found a sand-covered staircase.
  3942 | D:5      | Found a basalt altar of Yredelemnul.
  3951 | Ossuary  | Entered an ossuary
  4271 | D:5      | Found a staircase to the Ecumenical Temple.
  4390 | D:5      | Reached skill level 5 in Axes
  4390 | D:5      | Gained mutation: You sometimes gain power by taking damage. [demonic ancestry]
  4390 | D:5      | Reached XP level 8. HP: 21/64 MP: 8/8
  4415 | D:5      | Gained mutation: You are agile. (Dex +2) [mutagenic meat]
  4850 | D:5      | Reached skill level 6 in Fighting
  5280 | D:6      | Reached skill level 5 in Armour
  5435 | D:6      | Reached skill level 5 in Dodging
  6464 | D:7      | Gained mutation: You regenerate a little health from kills. [demonic ancestry]
  6464 | D:7      | Reached XP level 9. HP: 62/71 MP: 9/9
  6730 | D:7      | Found a sacrificial altar of Ru.
  6768 | D:7      | Reached *** piety under Trog
  6779 | D:7      | Reached skill level 7 in Fighting
  7548 | D:8      | Noticed a moth of wrath
  7551 | D:8      | Found a bloodstained altar of Trog.
  7602 | D:8      | Found Zin's Purification Station.
  7602 | D:8      | Found a glowing silver altar of Zin.
  7619 | D:8      | Reached skill level 1 in Maces & Flails
  7954 | D:8      | Received a gift from Trog
  8183 | D:8      | Reached XP level 10. HP: 80/80 MP: 10/10
  8187 | D:8      | Gained mutation: Your flesh is heat resistant. [mutagenic meat]
  8188 | D:8      | Gained mutation: You are dopey. (Int -2) [mutagenic meat]
  8189 | D:8      | Gained mutation: Scrolls take you a little longer to read. [mutagenic meat]
  8190 | D:8      | Gained mutation: You are weak. (Str -2) [mutagenic meat]
  8191 | D:8      | Gained mutation: You have hoof-like feet. [mutagenic meat]
  8353 | D:9      | Found a staircase to the Orcish Mines.
  8386 | D:9      | Reached skill level 8 in Fighting
  8391 | D:9      | Reached **** piety under Trog
  8404 | D:9      | Received a gift from Trog
  8633 | D:9      | Found Ygyuw's Food Emporium.
  8896 | D:9      | Noticed Scarto's ghost (journeyman FoFi)
  8923 | D:9      | HP: 5/120 [Scarto's ghost (13)]
  8929 | D:9      | HP: 4/80 [Scarto's ghost (14)]
  8938 | D:9      | Slain by Scarto's ghost

Skill      XL: |  1  2  3  4  5  6  7  8  9 10 |
---------------+-------------------------------+-----
Armour         | 2 3 4 5 6 7 |  7.1
Dodging        | 2 3 4 5 6 7 |  7.0
Axes           | 3 4 5 6 7 |  7.3
Fighting       | 4 5 6 7 8 |  8.2
Maces & Flails | 2 3 |  3.8

Action                   |  1- 3 |  4- 6 |  7- 9 | 10-12 || total
-------------------------+-------+-------+-------+-------++-------
Melee: Hand axe          |   131 |    78 |   363 |       ||   572
       Kick              |    24 |    23 |   203 |    77 ||   327
       Flail             |       |       |   214 |   230 ||   444
Invok: Berserk           |     2 |     2 |     2 |     2 ||     8
       Trog's Hand       |     1 |     2 |     5 |     2 ||    10
       Burn Spellbooks   |       |       |     2 |       ||     2
  Use: Scroll            |     8 |     3 |     9 |       ||    20
       Potion            |       |       |     1 |     2 ||     3
 Stab: Distracted        |       |       |       |     1 ||     1
  Eat: Bread ration      |     1 |       |     3 |       ||     4
       Meat ration       |       |     2 |       |       ||     2
       Chunk             |       |     1 |     3 |     6 ||    10
       Pizza             |       |     1 |     1 |       ||     2
Armor: Animal skin       |    27 |       |       |       ||    27
       Plate armour      |    39 |    55 |   423 |   177 ||   694
Dodge: Dodged            |    80 |    21 |   281 |   157 ||   539
